 Dungeon Crawl Stone Soup version 0.21.1-1-g345015f (webtiles) character file.

189 miragecloak the Chopper (level 6, 0/47 HPs)
             Began as a Formicid Abyssal Knight on Mar 19, 2018.
             Was a Believer of Lugonu.
             Slain by a gnoll (8 damage)
             ... on level 4 of the Dungeon.
             The game lasted 00:03:55 (4215 turns).

miragecloak the Chopper (Formicid Abyssal Knight)   Turns: 4215, Time: 00:03:56

Health: 0/47       AC:  3    Str: 18    XL:     6   Next: 0%
Magic:  7/7        EV: 11    Int: 12    God:    Lugonu [**....]
Gold:   235        SH:  0    Dex: 10    Spells: 5/5 levels left

rFire    . . .     SeeInvis +   p - +0 war axe
rCold    . . .     Gourm    .   (no shield)
rNeg     . . .     Faith    .   b - +0 leather armour
rPois    .         Spirit   .   (helmet unavailable)
rElec    .         Reflect  .   (no cloak)
rCorr    +         Harm     .   (no gloves)
MR       .....                  (no boots)
Stlth    +.........             (no amulet)
HPRegen  0.15/turn              (no ring)
MPRegen  0.10/turn              o - ring of resist corrosion

@: no status effects
A: permanent stasis, dig shafts and tunnels, four strong arms, antennae 3
a: Dig, Shaft Self, Depart the Abyss, Bend Space, Renounce Religion


You were on level 4 of the Dungeon.
You worshipped Lugonu.
Lugonu was pleased with you.
You were not hungry.

You visited 1 branch of the dungeon, and saw 4 of its levels.
You visited the Abyss 1 time.

You collected 235 gold pieces.

Inventory:

Hand Weapons
 a - a +1 hand axe
 p - a +0 war axe (weapon)
Armour
 b - a +0 leather armour (worn)
Jewellery
 n - an uncursed ring of ice
 o - a ring of resist corrosion (right hand)
Scrolls
 d - 3 scrolls of remove curse {unknown}
 e - 3 scrolls of identify {unknown}
 f - 2 scrolls of blinking {unknown}
 i - a scroll of fog {unknown}
 j - a scroll of enchant armour {unknown}
 k - a scroll of noise {unknown}
 r - a scroll of enchant weapon {unknown}
 t - a scroll of amnesia {unknown}
Potions
 g - 2 potions of lignification {unknown}
 h - a potion of heal wounds {unknown}
 l - a potion of ambrosia {unknown}
 m - a potion of might {unknown}
 q - 2 potions of flight {unknown}
 s - a potion of haste {unknown}
Comestibles
 c - 6 rations


   Skills:
 - Level 3.2 Fighting
 + Level 5.7 Axes
 - Level 2.1 Armour
 - Level 0.8 Dodging
 - Level 2.1 Invocations


You had 5 spell levels left.
You didn't know any spells.

Dungeon Overview and Level Annotations

Branches:
Dungeon (4/15)
 Temple: D:4-7

Altars:
Hepliaklqana
Nemelex Xobeh
Trog
Yredelemnul
The Shining One

Annotations:
D:2 Sigmund


Innate Abilities, Weirdness & Mutations

You cannot be hasted, slowed, berserked, paralysed or teleported.
You can dig through walls and to a lower floor.
Your four strong arms can wield two-handed weapons with a shield.
You have a pair of large antennae on your head. (SInv)


Message History

You slash the gnoll!
The gnoll is severely wounded.
You hit the gnoll. You hit the gnoll but do no damage. The gnoll misses you.
The gnoll hits you. The gnoll barely misses you. The gnoll hits you.
You closely miss the gnoll.
The gnoll is severely wounded.
You barely miss the gnoll. You hit the gnoll. The gnoll closely misses you.
The gnoll hits you with a spear. The gnoll hits you.
The gnoll hits you but does no damage. The gnoll hits you!
You barely miss the gnoll.
The gnoll is severely wounded.
You barely miss the gnoll. You closely miss the gnoll.
The gnoll hits you but does no damage. The gnoll barely misses you.
The gnoll closely misses you.
You barely miss the gnoll.
The gnoll is severely wounded.
You barely miss the gnoll. x2; The gnoll hits you!
* * * LOW HITPOINT WARNING * * *
The gnoll hits you!
You die...

####### ########.....#
#......#.....#
#......#.....#
#....g<#.....#
#....g@#.....#
#....g.'.....#
#......#.....#
#####..#####.....##
#######..##..#..........#
#.....#......#..........#
#.....#......#..........+
+.....#......#..........#
#.....#......#..........#


You could see 3 gnolls.

Vanquished Creatures
  A worker ant (D:4)
  A worker ant zombie (D:3)
  A howler monkey skeleton (D:4)
  4 adders
  2 gnolls
  An adder zombie (D:3)
  An adder skeleton (D:3)
  2 worms
  3 dart slugs
  3 leopard geckos
  A ball python (D:1)
  12 bats
  3 giant cockroaches
  10 goblins
  8 hobgoblins
  4 frilled lizards (D:1)
  8 kobolds
  8 rats
73 creatures vanquished.

Notes
Turn   | Place    | Note
-------+----------+-------------------------------------------
     0 | Abyss:1  | miragecloak the Formicid Abyssal Knight began the quest for the Orb.
     0 | Abyss:1  | Reached XP level 1. HP: 18/18 MP: 2/2
     3 | Abyss:1  | Found a corrupted altar of Lugonu.
    29 | Abyss:1  | Noticed a wretched star
    30 | D:1      | Escaped the Abyss
    58 | D:1      | Reached * piety under Lugonu
    82 | D:1      | Reached XP level 2. HP: 20/24 MP: 3/3
   183 | D:1      | Reached skill level 3 in Axes
   349 | D:1      | Reached XP level 3. HP: 21/29 MP: 4/4
  1147 | D:2      | Reached skill level 4 in Axes
  1147 | D:2      | Reached XP level 4. HP: 35/35 MP: 5/5
  1493 | D:2      | Reached ** piety under Lugonu
  2420 | D:2      | Noticed Sigmund
  2635 | D:3      | Found a bloodstained altar of Trog.
  2635 | D:3      | Found a sparkling altar of Nemelex Xobeh.
  3058 | D:3      | Reached XP level 5. HP: 31/41 MP: 6/6
  3092 | D:3      | Reached skill level 5 in Axes
  3318 | D:3      | Found a hazy altar of Hepliaklqana.
  3530 | D:3      | Found a glowing golden altar of the Shining One.
  3535 | D:3      | Found a basalt altar of Yredelemnul.
  3537 | D:3      | Noticed a profane servitor
  3609 | D:3      | Noticed an angel
  4210 | D:4      | Reached XP level 6. HP: 31/47 MP: 7/7
  4215 | D:4      | Slain by a gnoll

Skill      XL: |  1  2  3  4  5 |
---------------+----------------+-----
Axes           | 3 4 5 |  5.7
Fighting       | |  3.2
Armour         | |  2.1
Dodging        | |  0.8
Invocations    | |  2.1

Action                   |  1- 3 |  4- 6 || total
-------------------------+-------+-------++-------
Melee: Hand axe          |    91 |    69 ||   160
       War axe           |       |    76 ||    76
Invok: Depart the Abyss  |     1 |       ||     1
  Eat: Chunk             |       |     8 ||     8
       Ration            |       |     1 ||     1
Armor: Leather armour    |    30 |    50 ||    80
Dodge: Dodged            |    52 |   128 ||   180
